Map: Cerulean Fall LE

Players

CapitalJH

  • Race: Protoss Protoss
  • League: Diamond
  • Spawn Location: 7:00

Rye - Winner!

  • Race: Zerg Zerg
  • League: Diamond
  • Spawn Location: 1:00

VOD

Have the link to the VOD?

Description

Time

  • Played on: Sept. 14, 2018, 4:22 p.m.
  • Length: 16:31
Show
View Real Time Build Order
Export as new Build Order

CapitalJH Protoss 

Build Orders: 1 Gate Expand, Double Forge, Phoenix Opening 

Get SALT Encoding   

  1  0:00  Probe  
  12  0:05  Probe  
  14  0:22  Pylon  
  14  0:23  Probe  
  15  0:40  Probe  
  16  0:48  Gateway  
  16  0:52  Probe  
  16  0:54  Assimilator  
  17  1:05  Probe  
  18  1:15  Probe  
  19  1:23  Probe  
  20  1:37  Nexus  
  20  1:39  Probe  
  20  1:40  Cybernetics Core  
  21  1:49  Pylon  
  21  1:53  Assimilator  
  21  1:58  Probe  
  22  2:12  Probe  
  23  2:21  Probe  
  25  2:24  Adept  
  25  2:26  Gateway  
  26  2:30  Probe  
  27  2:38  Stargate  
  27  2:42  Probe  
  27  2:48  Probe  
  28  2:54  Probe  
  28  2:55  Warp Gate  
  28  2:56  Probe  
  28  2:57  Shield Battery  
  31  3:06  Probe  
  31  3:11  Probe, Twilight Council  
  33  3:18  Probe  
  34  3:22  Stalker  
  34  3:23  Probe  
  37  3:30  Phoenix  
  37  3:31  Probe  
  40  3:35  Probe  
  41  3:47  Pylon  
  40  3:50  Probe x2  
  42  4:09  Oracle, Probe x2  
  47  4:17  Probe, Pylon  
  47  4:19  Forge  
  47  4:21  Probe  
  49  4:24  Forge  
  49  4:25  Sentry, Probe  
  52  4:33  Probe  
  53  4:39  Assimilator  
  53  4:41  Assimilator  
  53  4:42  Pylon  
  53  4:43  Stalker  
  55  4:52  Protoss Ground Weapons Level 1  
  55  5:09  Probe x2  
  57  5:20  Protoss Ground Armor Level 1  
  57  5:22  Robotics Facility  
  57  5:25  Probe x2  
  59  5:38  Charge  
  59  5:41  Zealot  
  59  5:42  Zealot  
  63  5:45  Assimilator  
  62  6:03  Nexus  
  62  6:05  Oracle  
  62  6:07  Pylon  
  62  6:08  Pylon  
  62  6:09  Pylon  
  65  6:20  Templar Archives, Observer  
  66  6:37  Photon Cannon  
  66  6:38  Photon Cannon, Zealot x2  
  66  6:39  Shield Battery  
  70  6:43  Oracle  
  70  6:44  Pylon x2  
  70  6:46  Immortal  
  73  6:47  Probe x2  
  79  6:56  Pylon  
  79  7:00  Pylon  
  79  7:03  Pylon  
  79  7:05  Probe x2, Pylon  
  79  7:15  Probe  
  79  7:18  Probe x2  
  79  7:19  Robotics Facility  
  79  7:20  Protoss Shields Level 1  
  81  7:23  Immortal, Probe  
  81  7:26  Zealot  
  81  7:27  Zealot  
  90  7:30  Probe x2  
  90  7:31  Protoss Ground Weapons Level 2  
  92  7:46  Probe x3  
  92  7:49  High Templar  
  97  7:54  High Templar  
  99  8:02  Observer  
  100  8:06  Immortal  
  100  8:07  Probe  
  100  8:08  Probe x2  
  100  8:10  Assimilator  
  108  8:20  Probe x2  
  108  8:24  Phoenix  
  111  8:29  Probe  
  111  8:32  Probe  
  113  8:49  Phoenix  
  115  9:01  Photon Cannon, Zealot x2  
  115  9:02  Photon Cannon  
  119  9:03  Shield Battery  
  119  9:05  Assimilator  
  119  9:09  Gateway  
  119  9:10  Assimilator  
  119  9:11  Gateway  
  119  9:13  Gateway  
  119  9:14  Phoenix  
  119  9:15  Gateway  
  120  9:20  Gateway  
  120  9:22  Protoss Ground Armor Level 2  
  120  9:25  Protoss Air Weapons Level 1, Nexus  
  120  9:28  Immortal x2, Pylon  
  120  9:30  Pylon  
  120  9:31  Zealot  
  130  9:32  Pylon  
  130  9:36  Archon  
  124  9:39  Phoenix  
  124  9:40  Stalker  
  121  10:01  Stalker  
  121  10:04  Phoenix  
  123  10:15  Stalker x4  
  123  10:16  Stalker  
  130  10:28  Stalker  
  129  10:29  Phoenix  
  127  10:43  High Templar x2  
  131  10:54  Phoenix  
  133  11:00  Probe  
  133  11:09  Probe  
  134  11:11  Zealot  
  134  11:12  Zealot x3  
  143  11:19  Probe  
  144  11:31  Probe  
  145  11:35  Fleet Beacon  
  144  11:53  Stalker  
  144  11:54  Stalker x4  
  150  12:07  Stalker  
  128  12:25  High Templar  
  130  12:48  High Templar  
  132  12:53  Archon  
  132  12:58  Probe  
  133  13:06  Probe  
  133  13:07  High Templar  
  133  13:08  High Templar  
  133  13:12  Protoss Shields Level 2, Archon  
  138  13:15  Probe  
  139  13:24  Zealot x3  
  139  13:27  Zealot  
  147  13:34  Probe  
  147  13:35  Probe x2  
  147  13:38  Probe  
  145  13:46  Photon Cannon  
  145  13:47  Probe x3, Photon Cannon, Shield Battery  
  148  13:48  Photon Cannon  
  148  13:50  Probe  
  148  13:51  Photon Cannon  
  148  13:52  Photon Cannon  
  148  13:53  Shield Battery  
  148  13:55  Zealot x4  
  149  13:56  Zealot x3  
  149  13:59  Probe  
  148  14:19  Zealot  
  148  14:20  Zealot x4  
  148  14:21  Zealot  
  71  14:42  Psionic Storm  
  59  14:46  High Templar  
  59  14:47  High Templar x5  
  59  14:48  High Templar  
  72  14:59  Archon  
  70  15:00  Archon x2  
  70  15:23  High Templar  
  70  15:24  High Templar  
  74  15:28  Archon  
  69  15:37  Zealot x3  
  75  15:44  Observer x2  
  71  15:50  Zealot  
  73  15:58  Zealot x2  
  73  15:59  Zealot x2  
Show
View Real Time Build Order
Export as new Build Order

Rye Zerg - Winner!

Build Orders: Hatch First 

Get SALT Encoding   

  12  0:01  Drone  
  13  0:12  Overlord  
  13  0:17  Drone  
  14  0:30  Drone x2  
  16  0:37  Drone  
  17  0:52  Hatchery  
  17  0:56  Drone  
  17  0:59  Drone  
  18  1:10  Extractor  
  17  1:17  Spawning Pool, Drone  
  17  1:21  Drone  
  18  1:32  Drone  
  19  1:54  Drone  
  19  1:57  Overlord  
  19  1:59  Hatchery  
  19  2:10  Queen  
  21  2:16  Metabolic Boost  
  21  2:23  Drone x2  
  21  2:28  Zergling x4  
  25  2:40  Drone x2  
  25  2:42  Queen  
  29  2:52  Drone x3  
  32  3:05  Drone x3  
  35  3:07  Overlord  
  35  3:13  Queen  
  37  3:20  Overlord  
  37  3:31  Drone  
  37  3:32  Drone x6  
  44  3:43  Overlord  
  44  3:52  Queen  
  44  3:55  Extractor  
  45  3:56  Extractor, Spore Crawler  
  45  3:57  Spore Crawler  
  45  3:59  Drone x5  
  47  4:15  Drone x2  
  49  4:18  Drone x3  
  49  4:19  Drone x3  
  49  4:21  Zergling x2  
  56  4:28  Queen  
  58  4:37  Spore Crawler  
  57  4:40  Drone  
  57  4:41  Overlord  
  57  4:42  Overlord  
  57  5:00  Lair  
  57  5:02  Drone x14  
  57  5:03  Drone  
  72  5:12  Zergling x2  
  73  5:15  Overlord x2  
  73  5:18  Hatchery  
  72  5:36  Drone  
  72  5:37  Drone x9  
  72  5:41  Extractor  
  81  5:43  Spore Crawler  
  81  5:44  Extractor  
  79  6:06  Drone  
  79  6:07  Evolution Chamber x2  
  79  6:08  Extractor, Drone x2  
  79  6:09  Drone  
  80  6:19  Roach Warren  
  80  6:24  Drone x9  
  88  6:26  Spore Crawler  
  88  6:28  Overseer  
  87  6:36  Spire  
  86  6:47  Zerg Melee Weapons Level 1  
  86  6:48  Zerg Missile Weapons Level 1  
  86  7:02  Spine Crawler  
  86  7:03  Drone x11  
  96  7:12  Overlord  
  96  7:16  Overlord  
  96  7:17  Overlord  
  96  7:19  Hatchery, Overlord  
  95  7:25  Extractor, Drone x2  
  95  7:26  Extractor  
  95  7:28  Drone  
  96  7:36  Overlord x2  
  96  7:37  Queen  
  96  7:38  Queen  
  96  7:39  Queen  
  96  7:41  Queen  
  104  7:47  Overlord  
  104  7:48  Overlord  
  104  7:49  Overlord  
  104  7:55  Zerg Flyer Weapons Level 1  
  104  7:57  Overlord x2  
  104  8:13  Infestation Pit  
  104  8:16  Burrow  
  103  8:23  Mutalisk  
  103  8:24  Mutalisk x11  
  125  8:41  Queen  
  125  8:43  Zerg Melee Weapons Level 2  
  125  8:46  Zerg Missile Weapons Level 2  
  125  8:47  Mutalisk  
  125  8:48  Mutalisk x11  
  151  9:04  Spine Crawler x2  
  149  9:20  Hive, Hydralisk Den  
  135  9:49  Mutalisk  
  135  9:50  Mutalisk x9  
  151  10:05  Zergling x14  
  151  10:06  Zergling x18  
  165  10:15  Overseer  
  165  10:20  Baneling Nest  
  144  10:37  Hydralisk  
  144  10:38  Hydralisk x15  
  166  10:45  Grooved Spines  
  166  11:01  Ultralisk Cavern  
  166  11:02  Hydralisk  
  166  11:03  Hydralisk x3  
  173  11:20  Lurker Den  
  173  11:23  Zerg Melee Weapons Level 3  
  170  11:56  Hatchery  
  167  12:01  Hatchery  
  162  12:11  Adrenal Glands  
  137  12:32  Pneumatized Carapace, Hatchery  
  137  12:35  Glial Reconstitution  
  136  12:41  Chitinous Plating  
  136  12:44  Zergling x2  
  136  12:45  Zergling x46  
  136  12:46  Zergling x30  
  136  12:48  Overlord x3  
  136  12:50  Centrifical Hooks  
  175  12:54  Baneling  
  175  12:55  Baneling x19  
  175  12:56  Baneling x11  
  175  13:07  Overlord x3  
  175  13:14  Drone  
  175  13:15  Drone x5  
  181  13:23  Baneling x15  
  181  13:24  Baneling x15  
  181  13:28  Zergling x24  
  191  13:51  Spore Crawler  
  188  13:59  Spine Crawler  
  188  14:01  Spine Crawler x2  
  183  14:04  Baneling, Spine Crawler  
  183  14:05  Baneling x12  
  176  14:24  Zergling x28  
  144  14:25  Zergling x16  
  158  14:37  Zergling x18  
  149  14:48  Zergling x2  
  149  14:49  Zergling x8  
  149  14:53  Queen  
  149  14:59  Drone x9  
  160  15:01  Baneling  
  160  15:02  Baneling x22  
  160  15:03  Lurker x3  
  160  15:04  Lurker x4  
  164  15:32  Zergling x30  
  164  15:33  Zergling x24  
  183  15:45  Lurker  
  183  15:46  Lurker x7  
  183  15:47  Zergling x18  
  199  15:59  Overlord x2  
Tags
 
Add a new tag
Caveats
  • Supply blocks, unpowered buildings, or Contaminate may cause inaccurate times.
  • Supply counts are checked every 10 seconds.